AoeStats
← johnwhitecar

Arabia

506130246Analyzed
1v1 RM · 21d ago on Sep 12, 2026· 23m 32s· 2 players
Game mode
Random Map
Map size
Tiny (2 player)
Population
200
Speed
Normal
Resources
Standard
Victory
Conquest
Starting age
Dark Age
Ending age
Imperial Age
RankedLock teamsTeams togetherTeam positionsShared explorationLock speedFull tech treeHidden civsTurbo modeCheats
Victory
Defeat
🇨🇦 Vietnamese · Canada
981
+17
🇺🇸 Khmer · United States
1000
-51
johnwhitecar
8:46 Loom
11:13 Feudal Age
11:19 Man-at-Arms
19:26 Fletching
23:41 Wheelbarrow
23:13 Gold Mining
23:10 Double-Bit Axe
ekircsak
11:22 Feudal Age
13:33 Man-at-Arms
Connection lost

Rejoining the realm…

Still unreachable

The connection could not be restored.

Session expired

The server has moved on; the page needs a fresh start.